 Dungeon Crawl Stone Soup version 0.25-a0-668-gea548f19b6 (console) character file.

Game seed: 16571139863045974361, levelgen mode: classic

10795 Duffy the Cleaver (level 11, -13/99 HPs)
             Began as a Naga Fighter on Mar 28, 2020.
             Was a Priest of Makhleb.
             Mangled by a spiny frog (22 damage)
             ... on level 1 of the Lair of Beasts.
             The game lasted 00:16:01 (13458 turns).

Duffy the Cleaver (Naga Fighter)                   Turns: 13458, Time: 00:16:02

Health: -13/99     AC:  7    Str: 18    XL:     11   Next: 67%
Magic:  15/15      EV: 11    Int: 13    God:    Makhleb [***...]
Gold:   617        SH: 11    Dex: 10    Spells: 10/10 levels left

rFire    . . .     SeeInvis +   a - +1 war axe (flame) (curse)
rCold    . . .     Gourm    .   c - +0 kite shield
rNeg     . . .     Faith    .   L - +0 troll leather armour
rPois    +         Spirit   .   h - +0 helmet
rElec    .         Reflect  .   (no cloak)
rCorr    +         Harm     .   (no gloves)
MR       ++...                  (no barding)
Stlth    +.........             q - amulet of rage
HPRegen  0.66/turn              n - ring of resist corrosion
MPRegen  0.14/turn              u - ring of protection from magic

@: lethally poisoned (-13 -> -17), studying Throwing, very slow
A: large, see invisible, deformed body, poison resistance, slowness 2, slow
metabolism 1, spit poison 1, AC +3
a: Spit Poison, Minor Destruction, Lesser Servant of Makhleb, Renounce Religion,
Evoke Berserk Rage


You were on level 1 of the Lair of Beasts.
You worshipped Makhleb.
Makhleb was most pleased with you.
You were not hungry.

You visited 3 branches of the dungeon, and saw 12 of its levels.

You collected 617 gold pieces.

Inventory:

Hand Weapons
 a - a cursed +1 war axe of flaming (weapon)
 y - a +2 vorpal flail
 I - a +0 war axe
Missiles
 O - a throwing net (quivered)
Armour
 c - a +0 kite shield (worn)
 h - a +0 helmet (worn)
 r - a +2 leather armour of cold resistance
 B - a +2 robe of magic resistance
 J - a +0 plate armour
 L - a +0 troll leather armour (worn)
 R - a +2 buckler of reflection
Magical Staves
 P - an uncursed staff of conjuration {!a, unknown}
Jewellery
 k - an uncursed amulet of magic regeneration
 n - a ring of resist corrosion (left hand)
 q - an amulet of rage (around neck)
 u - a ring of protection from magic (right hand)
 F - an uncursed amulet of faith
 T - an uncursed ring of fire
Wands
 v - a wand of iceblast (5)
 A - a wand of acid (1)
 E - a wand of flame (18)
 H - a wand of enslavement (3)
Scrolls
 g - a scroll of fear
 i - 2 scrolls of fog
 l - a scroll of blinking
 m - 3 scrolls of remove curse
 p - a scroll of magic mapping
 t - 2 scrolls of enchant armour
 D - 3 scrolls of teleportation
 N - a scroll of acquirement {unknown}
Potions
 d - 3 potions of might
 e - 7 potions of haste
 j - 9 potions of curing {unknown}
 o - a potion of berserk rage {unknown}
 s - 2 potions of flight {unknown}
 w - 2 potions of heal wounds {unknown}
 x - 6 potions of mutation
 z - a potion of lignification {unknown}
 C - 5 potions of ambrosia {unknown}
 G - a potion of experience {unknown}
 K - a potion of stabbing
Books
 Q - a manual of Throwing
Miscellaneous
 b - a sack of spiders
 U - a fan of gales
Comestibles
 f - 13 rations


   Skills:
 + Level 6.5 Fighting
 - Level 10.0 Axes
 - Level 2.4 Armour
 + Level 4.6 Dodging
 - Level 9.1 Shields
 + Level 6.2 Invocations
 - Level 5.0 Evocations


You had 10 spell levels left.
You didn't know any spells.
Your spell library contained the following spells:

 Spells                   Type           Power        Failure   Level  Hunger
 Beastly Appendage        Tmut           #.....       36%         1    ##.....
 Sticks to Snakes         Tmut           #.......     50%         2    ###....
 Spider Form              Tmut/Pois      #.........   73%         3    ####...
 Ice Form                 Ice/Tmut       #.......     98%         4    #####..
 Blade Hands              Tmut           #.........   100%        5    ######.


Dungeon Overview and Level Annotations

Branches:
Dungeon (10/15)            Temple (1/1) D:6            Lair (1/6) D:8
    Orc: D:9-12

Altars:
Ashenzari
Cheibriados
Dithmenos
Elyvilon
Fedhas
Gozag
Hepliaklqana
Kikubaaqudgha
Makhleb
Nemelex Xobeh
Okawaru
Qazlal
Ru
Sif Muna
Trog
Uskayaw
Vehumet
Wu Jian
Xom
Yredelemnul
Zin
The Shining One

Portals:
Trove: D:10 (give +2 ice dragon scales)

Annotations:
D:9 dig


Innate Abilities, Weirdness & Mutations

You cannot wear boots.
Your serpentine skin is tough. (AC +3)
You have supernaturally acute eyesight. (SInv)
Armour fits poorly on your strangely shaped body.
Your system is resistant to poisons. (rPois)
You cover ground very slowly.
You have a slow metabolism.
You can spit poison.


Message History

The spiny frog poisons you!
You barely miss the spiny frog.
The spiny frog is severely wounded.
You feel sick. You block the spiny frog's attack. The spiny frog stings you!!
Your troll leather armour prevents you from hitting the spiny frog.
The spiny frog is severely wounded.
You feel sick. The spiny frog stings you!!
You are too injured to fight recklessly!
You are too injured to fight recklessly!
You are too injured to fight recklessly!
You closely miss the spiny frog.
The spiny frog is severely wounded.
You feel sick. You block the spiny frog's attack.
You hit the spiny frog but do no damage.
The spiny frog is severely wounded.
You feel sick. You block the spiny frog's attack.
You closely miss the spiny frog.
The spiny frog is severely wounded.
You feel sick. The spiny frog stings you!!
You die...

.....# !....#
H....# .....# #
.....# # ##.
..... #~##..
###..+#
~~~~..##@F...#
~~~~~~..+##.####
~~~~~~.........
~~~~~~~.##..#..#
~~~~~~~~.....#.#
~.>.~~~..##..# #
~.~~~~~..# #
~~~~~~~~~~~##
.~~~~~~~~~.~#


You could see a spiny frog.

Vanquished Creatures
  2 two-headed ogres
  A tengu warrior (D:9)
  A death yak (D:8)
  A deep elf mage (D:9)
  A cyclops (D:10)
  An ugly thing (D:10)
  Joseph (D:9)
  A gargoyle (D:9)
  A komodo dragon (Lair:1)
  A kobold demonologist (D:9)
  2 trolls (D:9)
  2 hippogriffs
  A shadow (D:9)
  A wyvern (D:6)
  A basilisk (Lair:1)
  Menkaure (D:7)
  A soldier ant (D:7)
  Duvessa (D:4)
  A water moccasin (D:9)
  3 black bears
  An orc warrior (D:6)
  A hornet zombie (D:9)
  2 phantoms
  2 necrophages
  3 ice beasts
  2 sky beasts
  5 centaurs
  3 ogres
  2 big kobolds
  6 bullfrogs
  Dowan (D:4)
  A wyvern skeleton (D:6)
  2 scorpions
  A water moccasin skeleton (D:5)
  3 wights
  A howler monkey (D:6)
  6 crimson imps
  A centaur zombie (D:10)
  2 jellies
  3 hounds
  8 orc priests
  7 orc wizards
  An iguana (D:9)
  Natasha (thrice) (D:2)
  15 worker ants
  A hound zombie (D:9)
  2 hound skeletons
  16 adders
  2 shadow imps
  An ooze (D:5)
  An adder zombie (D:5)
  An adder skeleton (D:8)
  5 worms
  4 dart slugs
  8 leopard geckos
  51 orcs
  5 giant cockroaches
  7 hobgoblins
  5 jackals
  5 quokkas
  6 bats
  7 frilled lizards
  8 goblins
  8 kobolds
  A leopard gecko skeleton (D:4)
  A quokka skeleton (D:5)
  3 rats
255 creatures vanquished.

Notes
Turn   | Place    | Note
-------+----------+-------------------------------------------
     0 | D:1      | Duffy the Naga Fighter began the quest for the Orb.
     0 | D:1      | Reached XP level 1. HP: 21/21 MP: 1/1
   280 | D:1      | Reached XP level 2. HP: 25/28 MP: 2/2
   466 | D:1      | Reached XP level 3. HP: 28/34 MP: 3/3
   857 | D:1      | Reached skill level 3 in Axes
  1160 | D:2      | Noticed Natasha
  1177 | D:2      | Killed Natasha
  1177 | D:2      | Reached XP level 4. HP: 22/42 MP: 4/4
  1344 | D:2      | Noticed Natasha
  1359 | D:2      | HP: 1/42 [Natasha (7)]
  1364 | D:2      | Killed Natasha
  1649 | D:2      | Noticed Natasha
  1663 | D:2      | Killed Natasha
  1663 | D:2      | Reached XP level 5. HP: 32/49 MP: 5/5
  2178 | D:3      | Reached skill level 4 in Axes
  2621 | D:3      | Reached skill level 1 in Evocations
  3033 | D:3      | Reached XP level 6. HP: 50/56 MP: 7/7
  3434 | D:4      | Noticed Duvessa
  3434 | D:4      | Noticed Dowan
  3446 | D:4      | Killed Duvessa
  3653 | D:4      | Reached XP level 7. HP: 53/62 MP: 8/8
  3820 | D:4      | Killed Dowan
  3820 | D:4      | Reached skill level 5 in Axes
  4153 | D:5      | Entered Level 5 of the Dungeon
  4282 | D:5      | Found a glowing golden altar of the Shining One.
  4284 | D:5      | Found a radiant altar of Vehumet.
  4563 | D:5      | Reached skill level 5 in Shields
  4883 | D:5      | Reached XP level 8. HP: 69/69 MP: 9/11
  4974 | D:5      | Reached skill level 6 in Axes
  5515 | D:6      | Reached skill level 5 in Evocations
  5832 | D:6      | Found a staircase to the Ecumenical Temple.
  5841 | Temple   | Entered the Ecumenical Temple
  5996 | Temple   | Became a worshipper of Makhleb the Destroyer
  6045 | D:6      | Reached skill level 7 in Axes
  6158 | D:6      | Reached XP level 9. HP: 61/75 MP: 12/12
  7341 | D:7      | Reached skill level 8 in Axes
  7765 | D:7      | Found a stormy altar of Qazlal.
  8085 | D:7      | Noticed Menkaure
  8089 | D:7      | Killed Menkaure
  8184 | D:7      | Reached * piety under Makhleb
  8820 | D:8      | Reached skill level 9 in Axes
  9101 | D:8      | Found a staircase to the Lair.
  9101 | D:8      | Noticed a death yak
  9101 | D:8      | Noticed a death yak
  9101 | D:8      | Noticed a death yak
  9101 | D:8      | Noticed a death yak
  9110 | D:8      | Noticed a death yak
  9110 | D:8      | Noticed a death yak
  9256 | D:9      | Reached XP level 10. HP: 67/84 MP: 13/13
  9534 | D:9      | Noticed a two-headed ogre
  9540 | D:9      | Killed a two-headed ogre
  9733 | D:9      | Reached ** piety under Makhleb
  9813 | D:9      | Noticed an eight-headed hydra
  9851 | D:9      | Reached skill level 10 in Axes
  9925 | D:9      | Noticed Joseph
  9937 | D:9      | Killed Joseph
 10130 | D:9      | Reached skill level 1 in Invocations
 10140 | D:9      | Reached skill level 1 in Dodging
 10273 | D:9      | Noticed a tengu warrior
 10273 | D:9      | Noticed a gargoyle
 10273 | D:9      | Noticed a deep elf mage
 10274 | D:9      | Noticed a kobold demonologist
 10277 | D:9      | Noticed an orange demon
 10789 | D:9      | Killed a tengu warrior
 10926 | D:10     | Entered Level 10 of the Dungeon
 11198 | D:9      | Reached XP level 11. HP: 93/93 MP: 14/14
 11507 | D:9      | Killed a deep elf mage
 11507 | D:9      | Reached skill level 5 in Fighting
 12477 | D:10     | Noticed a white ugly thing
 12487 | D:10     | Killed a white ugly thing
 12487 | D:10     | Reached *** piety under Makhleb
 12487 | D:10     | Reached skill level 5 in Invocations
 12596 | D:10     | Found a portal to a secret trove of treasure.
 12654 | D:10     | Noticed a two-headed ogre
 12667 | D:10     | Killed a two-headed ogre
 12821 | D:10     | Noticed a cyclops
 12837 | D:10     | Killed a cyclops
 13118 | D:8      | Killed a death yak
 13217 | D:8      | Noticed a death yak
 13219 | Lair:1   | Entered Level 1 of the Lair of Beasts
 13458 | Lair:1   | Mangled by a spiny frog

Levels and vault maps discovered:
D:1:      lemuel_arrival_muddy, layout_rooms
D:2:      layout_basic, first_ration, minmay_crystal_water, uniq_natasha
D:3:      layout_loops_cross, kennysheep_pointless_box
D:4:      layout_layer_cave, small_statue_intersection, uniq_duvessa
D:5:      layout_loops_cross, chequers_temple_overflow_statue_of_worship,
          minmay_chambers_of_fives
D:6:      layout_basic, minmay_temple_entry_statues_fountains
D:7:      layout_loops_corners, grunt_ogre_cave,
          nicolae_qazlal_general_emergency, uniq_menkaure
D:8:      minmay_cornered_nines, layout_loops_cross, dpeg_lair_monsters
D:9:      minmay_the_grid_octo_triangle [minmay_the_grid_octo_chip,
          minmay_the_grid_octo_prize_ultimate_mussel_roller,
          minmay_the_grid_octo_fat_diamond], layout_stronghold,
          lightli_corner_chamber, uniq_joseph
D:10:     layout_rooms, enter_trove_0
Temple:   regret_index_temple_chain_breaker
Lair:1:   layout_roguey, grunt_megastairs_1, infiniplex_staircase_pool_2

Skill      XL: |  1  2  3  4  5  6  7  8  9 10 11 |
---------------+----------------------------------+-----
Shields        | 3 4 5 6 8 9 |  9.1
Axes           | 3 4 5 7 9 10 | 10.0
Evocations     | 1 2 4 5 |  5.0
Invocations    | 3 6 |  6.2
Dodging        | 2 4 |  4.6
Fighting       | 4 6 |  6.5
Armour         | |  2.4

Action                   |  1- 3 |  4- 6 |  7- 9 | 10-12 || total
-------------------------+-------+-------+-------+-------++-------
Melee: War axe           |    77 |   177 |   376 |   356 ||   986
 Abil: Spit Poison       |     6 |     6 |     6 |       ||    18
       Evoke Berserk Rag |       |     2 |    10 |    11 ||    23
Evoke: Wand              |       |       |     2 |    16 ||    18
  Use: Scroll            |       |    10 |     3 |     4 ||    17
  Eat: Chunk             |       |     8 |    15 |    12 ||    35
       Ration            |       |       |     3 |     3 ||     6
Armor: Scale mail        |    73 |    85 |    89 |    19 ||   266
       Leather armour    |       |     2 |    63 |       ||    65
       Troll leather arm |       |       |       |    61 ||    61
Dodge: Dodged            |    37 |    54 |   107 |    96 ||   294
Block: Kite shield       |    71 |    99 |   205 |   188 ||   563

Table legend:
 A = Non-vault XP
 B = Vault XP
 C = Vault XP percentage of total XP
 D = Non-vault monster count
 E = Vault monster count
 F = Vault count percentage of total count
                 A         B        C        D         E       F
            +---------+---------+-------+---------+---------+-------
      Total |   10191 |    5231 |  33.9 |     227 |      28 |  11.0
            +---------+---------+-------+---------+---------+-------
        D:1 |      35 |       0 |   0.0 |      18 |       0 |   0.0
        D:2 |     135 |      36 |  21.1 |      22 |       1 |   4.3
        D:3 |     159 |       0 |   0.0 |      25 |       0 |   0.0
        D:4 |     157 |     223 |  58.7 |      18 |       2 |  10.0
        D:5 |     594 |     250 |  29.6 |      19 |       5 |  20.8
        D:6 |    1286 |       0 |   0.0 |      28 |       0 |   0.0
        D:7 |     928 |     278 |  23.1 |      23 |       2 |   8.0
        D:8 |     560 |     864 |  60.7 |      11 |       1 |   8.3
        D:9 |    2473 |    3580 |  59.1 |      38 |      17 |  30.9
       D:10 |    3285 |       0 |   0.0 |      23 |       0 |   0.0
     Lair:1 |     579 |       0 |   0.0 |       2 |       0 |   0.0
            +---------+---------+-------+---------+---------+-------
